 Dungeon Crawl Stone Soup version 0.27.0-65-ge2af304b15 (webtiles) character file.

Game seed: 4524681489515074277

14958 funkygono the Destroyer (level 12, -1/66 HPs)
             Began as a Gargoyle Fire Elementalist on Aug 19, 2021.
             Was an Elder of Vehumet.
             Killed from afar by a rime drake (22 damage)
             ... with a flash freeze
             ... on level 11 of the Dungeon.
             The game lasted 00:36:34 (14200 turns).

funkygono the Destroyer (GrFE)                     Turns: 14200, Time: 00:36:35

Health: -1/66      AC: 22    Str: 16    XL:     12   Next: 22%
Magic:  14/25      EV: 17    Int: 23    God:    Vehumet [****..]
Gold:   801        SH:  0    Dex: 10    Spells: 4/30 levels left

rFire    . . .     SeeInvis .   p - +6 mace (vorpal)
rCold    . . .     Faith    +   (no shield)
rNeg     + . .     Spirit   .   C - +0 steam dragon scales
rPois    ∞         Reflect  .   n - +2 helmet
rElec    +         Harm     .   u - +2 cloak {rPois}
rCorr    +         Rampage  .   l - +1 pair of gloves
Will     .....                  v - +0 pair of boots of the Orb Guardian {+Inv rElec Int+2}
Stlth    ++........             f - amulet of the Griffon {Faith Regen+ Str+4}
HPRegen  1.21/turn              h - ring of resist corrosion
MPRegen  0.19/turn              r - +4 ring of evasion

@: no status effects
A: sickness immunity, AC +8, negative energy resistance 1, electricity
resistance, torment resistance 1, petrification resistance
a: Renounce Religion, Evoke Invisibility


You were on level 11 of the Dungeon.
You worshipped Vehumet.
Vehumet was greatly pleased with you.
You visited 2 branches of the dungeon, and saw 12 of its levels.
You also visited: Sewer.

You collected 801 gold pieces.

Inventory:

Hand Weapons
 p - a +6 vorpal mace (weapon)
Missiles
 c - 184 stones
Armour
 k - +0 acid dragon scales
 l - a +1 pair of gloves (worn)
 n - a +2 helmet (worn)
 u - a +2 cloak of poison resistance (worn)
 v - the +0 pair of boots of the Orb Guardian (worn) {+Inv rElec Int+2}
   (You acquired it on level 5 of the Dungeon)

   Int:       It affects your intelligence (+2).
   rElec:     It insulates you from electricity.
   +Inv:      It lets you turn invisible.
 C - +0 steam dragon scales (worn)
Magical Staves
 g - a staff of earth
Jewellery
 f - the amulet of the Griffon (around neck) {Faith Regen+ Str+4}
   (You acquired it on level 2 of the Dungeon)

   [amulet of faith]

   It allows you to gain divine favour quickly.
   Str:       It affects your strength (+4).
   Regen:     It increases your rate of health regeneration.
 h - a ring of resist corrosion (left hand)
 r - a +4 ring of evasion (right hand)
 Q - a +6 ring of strength
Wands
 q - a wand of acid (11)
 B - a wand of iceblast (11)
 E - a wand of flame (9)
 H - a wand of paralysis (10)
Scrolls
 a - a scroll of identify
 y - a scroll of teleportation
 G - 2 scrolls of magic mapping
 R - a scroll of fear
 S - a scroll of summoning
Potions
 b - 4 potions of curing
 d - a potion of might
 e - 4 potions of flight
 i - 4 potions of resistance
 j - 3 potions of heal wounds
 s - a potion of haste
 t - 4 potions of cancellation
 w - a potion of lignification
 A - 2 potions of mutation
 F - a potion of invisibility
 J - a potion of brilliance {unknown}
 M - a potion of ambrosia {unknown}
Miscellaneous
 N - a lightning rod (4/4)
 O - a phantom mirror


   Skills:
 + Level 3.8 Fighting
 + Level 7.2 Maces & Flails
 + Level 5.2 Dodging
 - Level 2.1 Stealth
 + Level 9.6 Spellcasting
 + Level 9.8 Conjurations
 + Level 9.0 Fire Magic
 + Level 6.1 Earth Magic


You had 4 spell levels left.
You knew the following spells:

 Your Spells              Type           Power      Damage    Failure   Level
a - Foxfire               Conj/Fire      100%       2x1d9     1%          1
b - Conjure Flame         Conj/Fire      53%        6-21      1%          3
c - Sticky Flame          Conj/Fire      53%        2d7       1%          4
d - Fireball              Conj/Fire      26%        3d12      1%          5
e - Sandblast             Erth           78%        2d17      1%          1
f - Stone Arrow           Conj/Erth      94%        3d12      1%          3
g - Magic Dart            Conj           100%       1d8       1%          1
h - Searing Ray           Conj           100%       3d7       1%          2
i - Starburst             Conj/Fire      26%        6d8       5%          6

Your spell library contained the following spells:

 Spells                   Type           Power      Damage    Failure   Level
 Bolt of Magma            Conj/Fire/Erth 24%        4d12      1%          5
 Freeze                   Ice            44%        1d6       1%          1
 Ignite Poison            Fire/Tmut/Pois 24%        N/A       1%          3
 Inner Flame              Hex/Fire       31%        N/A       1%          3
 Mephitic Cloud           Conj/Pois/Air  26%        N/A       1%          3
 Passwall                 Tmut/Erth      20%        N/A       2%          2
 Poisonous Vapours        Pois/Air       22%        N/A       2%          2
 Hailstorm                Conj/Ice       33%        3d8       2%          4
 Frozen Ramparts          Ice            22%        1d4       5%          3
 Pain                     Necr           44%        1d6       6%          1
 Call Imp                 Summ           11%        N/A       9%          2
 Corpse Rot               Necr/Air       N/A        N/A       9%          2
 Animate Armour           Summ/Erth      50%        N/A       17%         4
 Petrify                  Tmut/Erth      25%        N/A       17%         4
 Gell's Gravitas          Tloc           5%         N/A       19%         3
 Teleport Other           Tloc           11%        N/A       19%         3
 Lee's Rapid Deconstruct  Erth           19%        3d12*     3%          5
 Irradiate                Conj/Tmut      16%        3d18      6%          5
 Freezing Cloud           Conj/Ice/Air   13%        6-21      11%         5
 Orb of Destruction       Conj           27%        9d11      22%         7
 Conjure Ball Lightning   Conj/Air       16%        3x3d6     28%         6
 Agony                    Necr           11%        N/A       86%         5
 Excruciating Wounds      Necr           5%         N/A       86%         5
 Lehudib's Crystal Spear  Conj/Erth      23%        10d7      96%         8
 Dispersal                Tloc           5%         N/A       100%        6
 Sublimation of Blood     Necr           Unusable   N/A       N/A         2

Dungeon Overview and Level Annotations

Branches:
Dungeon (11/15)            Temple (1/1) D:6            Lair (0/6) D:10
    Orc (0/2) D:10          Sewer (visited)

Altars:
Ashenzari
Cheibriados
Dithmenos
Elyvilon
Fedhas
Gozag
Hepliaklqana
Kikubaaqudgha
Makhleb
Nemelex Xobeh
Okawaru
Qazlal
Ru
Sif Muna
Trog
Uskayaw
Vehumet
Wu Jian
Xom
Yredelemnul
Zin
The Shining One

Shops:
D:7 =

Annotations:
D:6 3 runed translucent doors, stickyfingers's ghost, novice HOGl


Innate Abilities, Weirdness & Mutations

You are immune to sickness and miasma.
Your stone body is resilient. (AC +8)
You are immune to poison.
You resist negative energy. (rN+)
You are resistant to electric shocks. (rElec)
You are resistant to unholy torment.
You are immune to petrification.


Message History

Aiming: Sticky Flame (safe; 1% risk of failure)
Press: ? - help, Shift-Dir - straight line, f/p - ice dragon
Aim: an ice dragon (severely wounded, covered in liquid flames, 100% to hit)
The sticky flame hits the ice dragon!
The ice dragon is burned terribly!
The ice dragon is severely wounded.
The ice dragon burns!
The ice dragon bites you!
The ice dragon claws you but does no damage.
The ice dragon closely misses you.
You hit the ice dragon.
The ice dragon is almost dead.
The ice dragon burns!
The ice dragon breathes frost at you. The blast of cold hits you!!
You barely miss the ice dragon.
The ice dragon is almost dead.
The ice dragon burns!
You kill the ice dragon!
Vehumet accepts your kill.
You feel your power returning.
The wyvern bites you but does no damage.
You thump the wyvern!
The wyvern is moderately wounded.
The wyvern misses you. The wyvern closely misses you.
You hit the wyvern.
The wyvern is heavily wounded.
The wyvern bites you.
You hit the wyvern.
The wyvern is heavily wounded.
The wyvern bites you. x2
* * * LOW HITPOINT WARNING * * *
You sock the wyvern!
You kill the wyvern!
Vehumet accepts your kill.
You feel your power returning.
You hit the rime drake but do no damage.
The rime drake barely misses you.
You miss the rime drake. The rime drake breathes ice at you.
The flash freeze hits you!!
You die...

##...##...........#...........# .
##...##..##.......#........###.##
##...##..##...##..#........# ..#
##...##..##...##....)......# ...
##...##..##...##.<.........# ..#
##.......##...##.###.......#
.........##...##.# #.......#
.)............##k# #........
.##...........##@# #........
.##........>..##.# ......#
.##......###..##.# ....
.##......# #..##.# .##..(...#
#..##÷# .##......# #..##.# .
#......# #..##.# #......###..##.#
.............#


You could see a rime drake (catching breath).

Vanquished Creatures
  An ice dragon (D:11)
  A centaur warrior (D:9)
  A boulder beetle (D:9)
  A hydra (D:9)
  A two-headed ogre (D:10)
  A death knight (D:11)
  An orb spider (shapeshifter) (D:9)
  A cyclops (D:9)
  Joseph (D:8)
  An unseen horror (D:10)
  2 polar bears
  A troll (D:10)
  Prince Ribbit (D:8)
  A meliai zombie (D:10)
  A wyvern (D:11)
  14 yaks
  4 steam dragons
  Grum (D:8)
  3 acid dragons
  3 water moccasins
  2 orc warriors
  An ice beast (D:6)
  3 black bears
  A hornet zombie (D:8)
  2 necrophages (D:7)
  4 centaurs
  4 wolves (D:8)
  An ogre (D:3)
  A phantom (D:4)
  5 kobold brigands
  Blork the orc (D:6)
  A gnoll sergeant (D:9)
  12 bullfrogs
  2 scorpions
  5 killer bees (D:10)
  7 wights (D:9)
  7 howler monkeys
  A bullfrog zombie (D:6)
  3 jellies
  2 centaur zombies
  2 orc priests
  2 hounds
  Crazy Yiuf (D:2)
  A bullfrog skeleton (D:4)
  2 gnoll shamans
  An iguana (D:7)
  2 centaur skeletons (D:4)
  5 orc wizards
  A killer bee zombie (D:9)
  A hound zombie (D:5)
  A hound skeleton (D:4)
  A howler monkey zombie (D:6)
  Robin (D:2)
  11 adders
  15 gnolls
  3 river rats (Sewer)
  A shadow imp (D:8)
  A white imp (D:6)
  A howler monkey simulacrum (D:9)
  2 ufetubi
  An adder zombie (D:5)
  A worm (D:3)
  4 dart slugs
  20 orcs
  6 bats
  5 endoplasms
  7 giant cockroaches
  16 goblins
  5 hobgoblins
  10 jackals
  6 quokkas
  7 ball pythons
  8 frilled lizards
  20 kobolds
  A quokka skeleton (D:4)
  3 rats
281 creatures vanquished.

Vanquished Creatures (collateral kills)
  11 foxfires
11 creatures vanquished.

Vanquished Creatures (others)
  978 foxfires
  41 fungi
  54 plants
1073 creatures vanquished.

Grand Total: 1365 creatures vanquished

Notes
Turn   | Place    | Note
-------+----------+-------------------------------------------
     0 | D:1      | funkygono the Gargoyle Fire Elementalist began the quest
                  | for the Orb.
     0 | D:1      | Reached XP level 1. HP: 10/10 MP: 3/3
   210 | D:1      | Reached XP level 2. HP: 15/15 MP: 3/5
   939 | D:1      | Reached XP level 3. HP: 19/19 MP: 1/6
  1172 | D:1      | Learned a level 3 spell: Conjure Flame
  1179 | D:2      | Found a sparkling altar of Nemelex Xobeh.
  1186 | D:2      | Noticed a scorpion
  1211 | D:1      | Killed a scorpion
  1212 | D:1      | Reached XP level 4. HP: 5/24 MP: 0/8
  1443 | D:1      | Learned a level 4 spell: Sticky Flame
  1594 | D:2      | Reached XP level 5. HP: 28/28 MP: 4/9
  2004 | D:2      | Noticed Robin
  2015 | D:2      | Killed Robin
  2016 | D:2      | Reached skill level 1 in Fighting
  2152 | D:2      | Found a faded altar of an unknown god.
  2431 | D:2      | Found a runed translucent door.
  2432 | D:2      | Noticed Crazy Yiuf
  2445 | D:2      | Killed Crazy Yiuf
  2997 | D:2      | Identified a scroll of acquirement
  2997 | D:2      | Acquired the amulet of the Griffon {Faith Regen+ Str+4}
  3087 | D:3      | Reached XP level 6. HP: 34/34 MP: 4/11
  3168 | D:3      | Found a shimmering blue altar of Sif Muna.
  3802 | D:3      | Reached skill level 1 in Maces & Flails
  4013 | D:3      | Reached XP level 7. HP: 38/38 MP: 9/13
  4328 | D:3      | Learned a level 5 spell: Fireball
  4554 | D:4      | Found a bloodstained altar of Trog.
  4768 | D:4      | Reached skill level 5 in Fire Magic
  5371 | D:4      | Found an opulent altar of Gozag.
  5743 | D:4      | Reached XP level 8. HP: 43/44 MP: 15/15
  5880 | D:5      | Entered Level 5 of the Dungeon
  5912 | D:5      | Found a hide-covered altar of Uskayaw.
  6415 | D:5      | Found a stormy altar of Qazlal.
  6702 | D:5      | Acquired the +0 pair of boots of the Orb Guardian {+Inv
                  | rElec Int+2}
  6788 | D:6      | Reached skill level 5 in Spellcasting
  6814 | D:6      | Found a glowing drain.
  6864 | Sewer    | Entered a sewer
  7003 | Sewer    | Found a glowing silver altar of Zin.
  7137 | D:6      | Noticed Blork the orc
  7143 | D:6      | Killed Blork the orc
  7144 | D:6      | Reached skill level 5 in Conjurations
  7226 | D:6      | Found a staircase to the Ecumenical Temple.
  7232 | Temple   | Entered the Ecumenical Temple
  7421 | Temple   | Became a worshipper of Vehumet
  7549 | D:6      | Found an ornate altar of the Wu Jian Council.
  7941 | D:6      | Found a runed translucent gate.
  7941 | D:6      | Found a runed translucent gate.
  7941 | D:6      | Found a runed translucent gate.
  7941 | D:6      | Noticed stickyfingers's ghost (novice HOGl)
  7943 | D:6      | Found a basalt altar of Yredelemnul.
  7955 | D:6      | Identified the +10 war axe of the Countless Brambles
                  | {speed, rElec rPois rC- Int+6}
  8295 | D:6      | Acquired the Almanac of Battle Magic and the Birds
  8303 | D:6      | Learned a level 3 spell: Stone Arrow
  8305 | D:6      | Learned a level 1 spell: Magic Dart
  8347 | D:7      | Reached * piety under Vehumet
  8347 | D:7      | Offered knowledge of Sandblast by Vehumet.
  8348 | D:7      | Reached XP level 9. HP: 38/49 MP: 7/17
  8359 | D:7      | Reached skill level 1 in Earth Magic
  8645 | D:7      | Found Pib Mong's Jewellery Emporium.
  9071 | D:7      | Learned a level 1 spell: Sandblast
  9074 | D:7      | Learned a level 2 spell: Searing Ray
  9215 | D:8      | Noticed Grum
  9244 | D:8      | Killed Grum
  9465 | D:8      | Noticed Prince Ribbit
  9471 | D:8      | Killed Prince Ribbit
  9498 | D:8      | Noticed Joseph
  9518 | D:8      | Killed Joseph
  9519 | D:8      | Reached XP level 10. HP: 33/55 MP: 4/20
  9803 | D:8      | Found a glowing silver altar of Zin.
 10068 | D:8      | Offered knowledge of Shock by Vehumet.
 10089 | D:8      | Reached ** piety under Vehumet
 10105 | D:8      | Reached skill level 5 in Earth Magic
 10356 | D:9      | Found a white marble altar of Elyvilon.
 10386 | D:9      | Noticed an orb spider
 10396 | D:9      | Killed an orb spider
 10397 | D:9      | Reached skill level 5 in Maces & Flails
 10637 | D:9      | Noticed a four-headed hydra
 10643 | D:9      | Killed a four-headed hydra
 10717 | D:9      | Identified the +6 whip of Zodushru {vamp, rPois Str+3
                  | Dex-3}
 10782 | D:9      | Noticed a boulder beetle
 10798 | D:9      | Killed a boulder beetle
 10799 | D:9      | Reached XP level 11. HP: 26/60 MP: 5/23
 10838 | D:9      | Identified the +1 leather armour "Daothor" {rF+ Int+5
                  | Stlth+}
 10854 | D:9      | Noticed a cyclops
 10866 | D:9      | Killed a cyclops
 10950 | D:9      | Learned a level 6 spell: Starburst
 10990 | D:9      | Noticed a centaur warrior
 10998 | D:9      | Killed a centaur warrior
 11000 | D:9      | Offered knowledge of Ignite Poison by Vehumet.
 11410 | D:9      | Reached *** piety under Vehumet
 12116 | D:10     | Entered Level 10 of the Dungeon
 12317 | D:10     | Found a staircase to the Orcish Mines.
 12595 | D:10     | Offered knowledge of Airstrike by Vehumet.
 12939 | D:10     | Found a staircase to the Lair.
 13468 | D:11     | Noticed a two-headed ogre
 13485 | D:10     | Killed a two-headed ogre
 13485 | D:10     | Reached **** piety under Vehumet
 13524 | D:11     | Reached skill level 5 in Dodging
 13581 | D:11     | Reached XP level 12. HP: 66/66 MP: 10/25
 13770 | D:11     | Noticed a death knight
 13786 | D:11     | Killed a death knight
 13879 | D:11     | Offered knowledge of Bolt of Magma by Vehumet.
 13997 | D:11     | Noticed an ice dragon
 14194 | D:11     | Killed an ice dragon
 14200 | D:11     | Killed from afar by a rime drake

Illustrated notes

Levels and vault maps discovered:
D:1:      ebering_trefoil_3fold, layout_rooms, lexackson_kobold_supper
D:2:      layout_basic, shapermc_ecumenical_altar_gd, basic_altar,
          uniq_crazy_yiuf_cottage, uniq_robin
D:3:      layout_loops_corners, mainiacjoe_overflow_small_starburst
D:4:      mumra_celtic_spiral_tile, layout_basic, trog_antimagical,
          mainiacjoe_overflow_six_doors_small, feat_on_display
D:5:      layout_loops_ring, nicolae_qazlal_scattered_showers,
          mainiacjoe_overflow_surrounded_room
D:6:      layout_loops_ring, amcnicky_altar_gilded,
          nicolae_yredelemnul_ghost_church, minmay_temple_entry_wispy,
          gup_sewer_entry_pipe, uniq_blork_the_orc
D:7:      layout_cave_pools, serial_shops, nicolae_shop_statue_plus,
          hangedman_decor_push, chequers_serial_rivers_large_b
D:8:      layout_basic, zin_statuary, uniq_joseph, uniq_grum,
          uniq_prince_ribbit1
D:9:      layout_basic, lemuel_tele_altar, minmay_the_grid_2x2
          [minmay_the_grid_plusring, minmay_the_grid_medium_cups,
          minmay_the_grid_odd_star, minmay_the_grid_prize_trominoes]
D:10:     layout_cave_pods, due_lair_maze_entry_diamond
D:11:     minmay_coctagon, layout_long_grid, st_stairs_3
Temple:   nicolae_temple_figure_eight

Skill      XL: |  1  2  3  4  5  6  7  8  9 10 11 12 |
---------------+-------------------------------------+-----
Dodging        | 2 3 4 5 |  5.2
Conjurations   | 2 3 4 5 6 8 9 |  9.8
Fire Magic     | 4 5 6 7 8 9 |  9.0
Spellcasting   | 3 4 5 6 8 9 |  9.6
Fighting       | 1 2 3 |  3.8
Maces & Flails | 1 3 4 6 7 |  7.2
Earth Magic    | 4 5 6 |  6.1
Stealth        | |  2.1

Action                   |  1- 3 |  4- 6 |  7- 9 | 10-12 || total
-------------------------+-------+-------+-------+-------++-------
Melee: Club              |    12 |     3 |       |       ||    15
       Flail             |       |     5 |       |       ||     5
       Mace              |       |     6 |   124 |   169 ||   299
       Unarmed           |       |       |     1 |       ||     1
 Cast: Foxfire           |    46 |   103 |   230 |   210 ||   589
       Conjure Flame     |       |       |     3 |     5 ||     8
       Sticky Flame      |       |       |     1 |    12 ||    13
       Stone Arrow       |       |       |       |    32 ||    32
       Sandblast         |       |       |       |     9 ||     9
       Fireball          |       |       |       |    11 ||    11
       Magic Dart        |       |       |       |     5 ||     5
  Use: Scroll            |     3 |     6 |    15 |     7 ||    31
       Potion            |       |       |     3 |     1 ||     4
 Stab: Sleeping          |       |       |     1 |       ||     1
Armor: Robe              |    32 |     7 |    52 |       ||    91
       Steam dragon scal |       |       |    28 |   113 ||   141
Dodge: Dodged            |    56 |    16 |   189 |   199 ||   460
